 Dungeon Crawl Stone Soup version 0.20.1-1-g8b1a95d (webtiles) character file.

86209 Ymberti the Basher (level 15, 0/132 HPs)
             Began as a Hill Orc Fighter on Oct 9, 2017.
             Was the Champion of Beogh.
             Killed by vampiric draining
             ... invoked by a vampire knight (illusionary)
              (9 damage)
             ... on level 1 of the Depths on Oct 10, 2017.
             The game lasted 02:05:42 (26960 turns).

Ymberti the Basher (Hill Orc Fighter)              Turns: 26960, Time: 02:05:43

Health: 0/132      AC: 43    Str: 25    XL:     15   Next: 86%
Magic:  15/15      EV: 12    Int: 12    God:    Beogh [******]
Gold:   2290       SH: 16    Dex: 18    Spells: 14/14 levels left

rFire    . . .     SeeInvis +   x - +12 morningstar "Seta" {crush, MR+}
rCold    + . .     Gourm    .   T - +2 shield
rNeg     . . .     Faith    +   M - +13 crystal plate armour of the Dice {rC+ Str+2 Int+4}
rPois    .         Spirit   .   j - +0 mask of the Dragon {MR+ Slay+3 SInv}
rElec    .         Reflect  .   e - +2 cloak
rCorr    .         Harm     .   h - +2 pair of gloves {Dex+3}
MR       +++..                  (no boots)
Stlth    ..........             F - amulet of faith
Regen    0.4/turn               R - +2 ring of evasion
MPRegen  0.2/turn               K - +3 ring of protection

@: no status effects
A: walk on water, antennae 1, mutation resistance 1, strong 1
a: Smiting, Recall Orcish Followers, Give Item to Named Follower, Resurrection,
Renounce Religion


You were on level 1 of the Depths.
You worshipped Beogh.
Beogh was exalted by your worship.
You were not hungry.

You visited 6 branches of the dungeon, and saw 27 of its levels.
You also visited: Labyrinth, Ossuary and Bailey.

You collected 5253 gold pieces.
You spent 2963 gold pieces at shops.

Inventory:

Hand Weapons
 x - the +12 morningstar "Seta" (weapon) {crush, MR+}
   (You found it on level 2 of the Lair of Beasts)

   It inflicts extra damage upon your enemies.
   It affects your resistance to hostile enchantments.
Armour
 e - a +2 cloak (worn)
 h - a +2 pair of gloves of dexterity (worn)
 j - the +0 mask of the Dragon (worn) {MR+ Slay+3 SInv}
   (You found it in a labyrinth)

   It affects your accuracy and damage with ranged weapons and melee attacks
   (+3).
   It affects your resistance to hostile enchantments.
   It lets you see invisible.
 M - the +13 crystal plate armour of the Dice (worn) {rC+ Str+2 Int+4}
   (You bought it in a shop on level 2 of the Orcish Mines)

   It affects your strength (+2).
   It affects your intelligence (+4).
   It protects you from cold.
 T - a +2 shield (worn)
Jewellery
 m - an uncursed ring of flight
 E - the amulet of Patience {Gourm Dex+2, unknown}
   (You found it on level 1 of the Depths)

   [amulet of the gourmand]

   It allows you to eat raw meat even when not hungry.
   It affects your dexterity (+2).
 F - an amulet of faith (around neck)
 K - a +3 ring of protection (right hand)
 P - an uncursed ring of resist corrosion
 Q - an uncursed ring of poison resistance
 R - a +2 ring of evasion (left hand)
Wands
 d - a wand of paralysis (14/24)
 o - a wand of lightning (12/15)
 q - a wand of iceblast (7/15)
 t - a wand of lightning (9/15)
 u - a wand of confusion (30/48)
Scrolls
 g - a scroll of amnesia
 l - 9 scrolls of magic mapping
 r - 2 scrolls of silence
 v - 10 scrolls of teleportation
 w - 4 scrolls of enchant weapon
 y - 4 scrolls of recharging
 B - a scroll of holy word
 G - 10 scrolls of remove curse
 I - 5 scrolls of fear
 L - 2 scrolls of blinking
 W - 6 scrolls of identify
Potions
 n - 3 potions of flight
 p - a potion of might
 A - 4 potions of ambrosia
 D - a potion of heal wounds
 N - 3 potions of agility
 O - 2 potions of haste
 V - 2 potions of curing
Books
 z - the Incunabulum of Shifting Enhancements
   (You found it on level 15 of the Dungeon)

   Spells                             Type                      Level
   a - Swiftness                      Charms/Air                   2
   b - Shroud of Golubria             Charms/Translocation         2
   c - Ozocubu's Armour               Charms/Ice                   3
   d - Ignite Poison                  Fire/Transmutation/Poison    3
   e - Irradiate                      Conjuration/Transmutation    5
   f - Yara's Violent Unravelling     Hexes/Transmutation          5
Miscellaneous
 a - a sack of spiders
 i - a lightning rod (4/4)
 k - a lamp of fire
 s - a lamp of fire
 C - 3 phantom mirrors
Comestibles
 b - 4 meat rations
 c - a royal jelly
 f - 11 bread rations


   Skills:
 + Level 11.9 Fighting
   Level 4.3 Long Blades
 + Level 13.7 Maces & Flails
   Level 12.1 Polearms
 + Level 10.0 Armour
 * Level 10.6 Dodging
 + Level 3.3 Stealth
 + Level 13.5 Shields
 + Level 0.3 Invocations


You had 14 spell levels left.
You didn't know any spells.

Dungeon Overview and Level Annotations

Branches:
Dungeon (15/15)            Temple (1/1) D:7            Lair (6/6) D:10
 Shoals (0/4) Lair:4        Snake (2/4) Lair:4        Slime (0/5) Lair:6
    Orc (2/2) D:10            Elf (0/3) Orc:2        Vaults (0/5) D:14
 Depths (1/5) D:15

Altars:
Ashenzari
Cheibriados
Dithmenos
Elyvilon
Fedhas
Gozag
Hepliaklqana
Kikubaaqudgha
Makhleb
Okawaru
Qazlal
Ru
Sif Muna
Trog
Uskayaw
Vehumet
Xom
Yredelemnul
Zin
The Shining One

Shops:
D:13 %   D:15 ?   Orc:2 [}[(   Snake:1 ?

Portals:
Trove: D:12 (give 18 scrolls of teleportation)

Annotations:
D:10 Nergalle


Innate Abilities, Weirdness & Mutations

You can walk on water.
You have a pair of small antennae on your head.
You are somewhat resistant to further mutation.
Your muscles are strong. (Str +2)


Message History

The vampire knight is heavily damaged.
You block the vampire knight's attack. x2; The phantasmal warrior blinks!
You puncture the vampire knight!
The vampire knight is heavily damaged.
Gorbash roars a battlecry!
Koronagh goes into a battle-frenzy!
You block the vampire knight's attack.
The vampire knight bites you but does no damage.
The phantasmal warrior blinks! x2
You impale the vampire knight!!
The vampire knight is severely damaged.
You block the vampire knight's attack.
The vampire knight bites you but does no damage.
You puncture the vampire knight!
The vampire knight is almost destroyed.
The vampire knight is infused with unholy energy.
* * * LOW HITPOINT WARNING * * *
The vampire knight draws life force from you and is healed!
The vampire knight is infused with unholy energy.
You die...

.. .. ?# .# #. .#
.... .# .#. .# .W
.# V#W# #CW# #V#
##@#
###############oo#
........oooooooo##
......o##########
....o..# .....###
.....# (....#
oo...#


You could see a stone giant, 2 vampire knights, 3 phantasmal warriors, a
friendly orc knight, the friendly Gorbash the orc knight, the friendly Hilgar
the orc knight, the friendly Koronagh the orc knight and the friendly Marbaugh
the orc knight.

Vanquished Creatures
  The ghost of manyhoops the Carver, a journeyman DgAE (D:13)
  A stone giant (Depths:1)
  A vampire knight (Depths:1)
  Snorg (D:12)
  A minotaur (Lab)
  A vault guard (D:14)
  6 hydras
  2 centaur warriors
  Harold (Orc:1)
  A naga warrior (Snake:1)
  2 anacondas (Snake:1)
  3 two-headed ogres
  An ogre mage (Depths:1)
  2 orc high priests (Orc:2)
  A tengu warrior (Depths:1)
  A shock serpent (Snake:1)
  A deep elf knight (D:14)
  5 unseen horrors
  A phantasmal warrior (Depths:1)
  A naga ritualist (Snake:1)
  Pikel (D:7)
  An orc knight (Orc:2)
  2 harpies (Lair:6)
  An orc sorcerer (D:14)
  A salamander (Snake:1)
  7 ugly things
  2 slime creatures (Depths:1)
  3 manticores
  Joseph (D:7)
  7 black mambas
  3 elephants (Lair:4)
  4 naga magi (Snake:1)
  A gargoyle (D:5)
  3 rime drakes
  A spiny frog (Lair:6)
  4 kobold demonologists
  5 komodo dragons
  A troll (Orc:2)
  Grinder (D:6)
  A wind drake (Lair:6)
  2 hornets (Lair:6)
  5 blink frogs (Lair:1)
  A minotaur skeleton (Lab)
  3 dream sheep
  6 hippogriffs
  2 water elementals
  A tarantella (shapeshifter) (D:14)
  3 wyverns
  24 yaks
  A vampire (D:13)
  5 basilisks
  A hungry ghost (D:8)
  The ghost of Inkary the Twirler, an amateur MiGl of Makhleb (D:4)
  A steam dragon (D:11)
  6 vampire mosquitoes
  Menkaure (D:6)
  A warg (Orc:1)
  3 nagas (Snake:1)
  An acid dragon (D:12)
  8 water moccasins
  7 porcupines
  A hornet zombie (D:14)
  An eye of draining (D:12)
  3 ice beasts
  6 orc warriors
  A sky beast (D:8)
  A black bear (Lair:1)
  A necrophage (D:7)
  10 ogres
  6 wolves (Lair:4)
  6 centaurs
  5 crocodiles
  2 big kobolds
  8 gnoll sergeants (Bailey)
  14 bullfrogs
  4 scorpions
  13 killer bees
  9 electric eels
  A howler monkey (D:10)
  3 bullfrog zombies
  4 crimson imps
  A quasit (D:10)
  8 gnoll shamans
  2 jellies
  5 orc priests
  10 hounds
  A bullfrog skeleton (D:6)
  2 iguanas
  13 orc wizards
  3 hell rats (Lair:6)
  6 worker ants
  3 big kobold zombies (Ossuary)
  A killer bee zombie (D:5)
  5 mummies
  Robin (D:2)
  31 gnolls
  15 adders
  8 shadow imps
  2 oozes
  An adder skeleton (D:4)
  6 worms
  2 dart slugs
  9 leopard geckos
  34 orcs
  8 giant cockroaches
  15 goblins
  8 hobgoblins
  4 jackals
  9 kobolds
  2 quokkas
  2 ball pythons
  9 bats
  A frilled lizard (D:2)
  2 gnoll zombies (D:6)
  2 goblin zombies (D:6)
  4 hobgoblin zombies (Ossuary)
  A jackal skeleton (D:4)
  A quokka skeleton (D:3)
  4 rats
  2 fungi
  2 plants (Lair:6)
511 creatures vanquished.

Vanquished Creatures (collateral kills)
  A vampire knight (Depths:1)
  A yaktaur captain (D:15)
  2 hydras
  4 vault guards (D:14)
  A naga warrior (Snake:1)
  An anaconda (Snake:1)
  3 two-headed ogres
  An ogre mage (Depths:1)
  A merfolk avatar (Lair:6)
  2 centaur warriors
  3 orc high priests (Orc:2)
  2 shock serpents (Snake:1)
  A deep elf knight (D:14)
  4 skeletal warriors (D:14)
  2 naga ritualists
  An unseen horror (D:12)
  2 wizards (D:14)
  A sea snake (Lair:6)
  4 mana vipers
  4 orc knights (Orc:2)
  2 cyclopes
  6 oklob plants
  A deep elf mage (D:13)
  5 ugly things
  2 manticores
  5 elephants
  A centaur zombie (D:15)
  A guardian serpent (Snake:1)
  3 salamanders (Snake:1)
  3 centaur skeletons
  7 black mambas
  A gargoyle (D:15)
  2 spiny frogs
  3 rime drakes (Lair:6)
  A kobold demonologist (D:15)
  3 yaktaurs
  6 komodo dragons
  4 trolls
  A polar bear (Lair:6)
  A merfolk (D:13)
  2 hornets
  10 dream sheep
  A meliai zombie (D:15)
  3 hippogriffs
  A vampire (D:14)
  3 redbacks (Snake:2)
  A wraith (D:12)
  7 yaks
  4 wyverns (Lair:6)
  2 basilisks
  A steam dragon (D:13)
  10 nagas
  A soldier ant (D:15)
  6 water moccasins
  10 orc warriors
  An ice beast (D:15)
  5 centaurs
  4 ogres
  A crocodile (D:13)
  A big kobold (D:13)
  4 bullfrogs
  2 electric eels
  3 howler monkeys (D:14)
  3 crimson imps
  A bullfrog skeleton (D:13)
  A hound (D:13)
  3 orc wizards (Orc:2)
  2 iguanas (D:13)
  9 orc priests
  3 worker ants
  4 hell rats (Lair:6)
  An adder (D:12)
  3 shadow imps
  9 orcs
  A kobold (D:13)
  18 fungi
  12 plants
252 creatures vanquished.

Vanquished Creatures (others)
  Nergalle (D:10)
  4 orc knights
  18 orc warriors
  A water moccasin (Lair:6)
  2 slaves (D:7)
  A howler monkey (D:7)
  A quasit (D:7)
  12 orc wizards
  15 orc priests
  A worker ant (D:8)
  An adder zombie (D:6)
  A leopard gecko (D:7)
  45 orcs
  A giant cockroach (D:6)
  2 kobolds (D:7)
  19 fungi
  6 plants
131 creatures vanquished.

Grand Total: 894 creatures vanquished

Notes
Turn   | Place    | Note
-------+----------+-------------------------------------------
     0 | D:1      | Ymberti the Hill Orc Fighter began the quest for the Orb.
     0 | D:1      | Reached XP level 1. HP: 19/19 MP: 1/1
    62 | D:1      | Reached XP level 2. HP: 25/27 MP: 2/2
   372 | D:1      | Reached XP level 3. HP: 30/33 MP: 3/3
   756 | D:2      | Found a stormy altar of Qazlal.
   969 | D:2      | Reached XP level 4. HP: 36/40 MP: 4/4
  1188 | D:2      | Noticed Robin
  1212 | D:2      | Reached skill level 1 in Dodging
  1217 | D:2      | Killed Robin
  1776 | D:3      | Reached XP level 5. HP: 44/47 MP: 5/5
  2105 | D:4      | Got a warped trident
  2106 | D:4      | Identified the +9 trident of the Firefly {pierce, rN+ MP+9} (You found it on level 4 of the Dungeon)
  2131 | D:4      | Found an ancient bone altar of Kikubaaqudgha.
  2171 | D:4      | Reached XP level 6. HP: 47/55 MP: 6/6
  2194 | D:4      | Noticed Inkary's ghost (amateur MiGl)
  2209 | D:4      | Killed Inkary's ghost
  2209 | D:4      | Reached skill level 5 in Fighting
  2209 | D:4      | Reached skill level 5 in Shields
  2676 | D:4      | Reached skill level 1 in Polearms
  2676 | D:4      | Reached XP level 7. HP: 53/61 MP: 7/7
  3099 | D:5      | Entered Level 5 of the Dungeon
  3245 | D:5      | Reached XP level 8. HP: 57/68 MP: 8/8
  3253 | D:5      | Noticed a gargoyle
  3261 | D:5      | Killed a gargoyle
  3261 | D:5      | Reached skill level 5 in Polearms
  3324 | D:6      | Noticed Menkaure
  3494 | D:6      | Killed Menkaure
  3513 | D:6      | Got a smoking ring mail
  3528 | D:6      | Reached skill level 5 in Armour
  3543 | D:6      | Identified the +7 ring mail of Eternal Vigilance {*Slow Str+2 Int+2} (You found it on level 6 of the Dungeon)
  3609 | D:6      | Found a burning altar of Makhleb.
  3622 | D:6      | Noticed Grinder
  3642 | D:6      | Killed Grinder
  3642 | D:6      | Reached XP level 9. HP: 55/75 MP: 9/9
  3663 | D:6      | Found a sand-covered staircase.
  3669 | Ossuary  | Entered an ossuary
  4182 | D:6      | Found a basalt altar of Yredelemnul.
  4803 | D:7      | Noticed Joseph
  4808 | D:7      | Noticed Pikel
  4814 | D:7      | Killed Joseph
  4825 | D:7      | Killed Pikel
  4825 | D:7      | Reached skill level 1 in Stealth
  5247 | D:7      | Found a staircase to the Ecumenical Temple.
  5253 | Temple   | Entered the Ecumenical Temple
  5573 | D:7      | Reached XP level 10. HP: 84/84 MP: 10/10
  5583 | D:7      | Found a blossoming altar of Fedhas.
  5951 | D:8      | Reached skill level 5 in Dodging
  5956 | D:8      | Gained mutation: You are agile. (Dex +2) [mutagenic meat]
  5957 | D:8      | Gained mutation: You have a pair of small horns on your head. [mutagenic meat]
  5958 | D:8      | Gained mutation: Your spells are a little easier to cast, but a little less powerful. [mutagenic meat]
  5959 | D:8      | Gained mutation: Armour fits poorly on your strangely shaped body. [mutagenic meat]
  5960 | D:8      | Gained mutation: You are robust. (+10% HP) [mutagenic meat]
  6146 | D:8      | Noticed a two-headed ogre
  6157 | D:8      | Killed a two-headed ogre
  6372 | D:8      | Reached skill level 10 in Polearms
  6384 | D:8      | Became a worshipper of Beogh the Brigand
  6414 | D:8      | Identified the Almanac of Venomous Transmigration
  6657 | D:9      | Found a flagged portal.
  6675 | Bailey   | Entered a bailey
  6753 | Bailey   | Reached * piety under Beogh
  7129 | Bailey   | Reached XP level 11. HP: 43/101 MP: 11/11
  7132 | Bailey   | Reached ** piety under Beogh
  7567 | D:9      | Found a sacrificial altar of Ru.
  7755 | D:9      | Found a shattered altar of Ashenzari.
  7755 | D:9      | Found a glowing golden altar of the Shining One.
  7962 | D:10     | Entered Level 10 of the Dungeon
  8307 | D:10     | Killed an unseen horror
  8584 | D:10     | Reached *** piety under Beogh
  8670 | D:10     | Found a staircase to the Orcish Mines.
  8877 | D:10     | Found a staircase to the Lair.
  8911 | D:10     | Noticed Nergalle
  8930 | D:10     | Your ally died
  9169 | D:10     | Identified a scroll of acquirement
  9178 | D:10     | Lost mutation: You are robust. (+10% HP) [potion of mutation]
  9178 | D:10     | Lost mutation: Your spells are a little easier to cast, but a little less powerful. [potion of mutation]
  9178 | D:10     | Lost mutation: Armour fits poorly on your strangely shaped body. [potion of mutation]
  9178 | D:10     | Lost mutation: You are agile. (Dex +2) [potion of mutation]
  9178 | D:10     | Gained mutation: You have a beak for a mouth. [potion of mutation]
  9178 | D:10     | Gained mutation: Your mind is acute. (Int +2) [potion of mutation]
  9179 | D:10     | Lost mutation: Your mind is acute. (Int +2) [potion of mutation]
  9179 | D:10     | Lost mutation: You have a pair of small horns on your head. [potion of mutation]
  9179 | D:10     | Gained mutation: You do not regenerate when monsters are visible. [potion of mutation]
  9179 | D:10     | Gained mutation: You occasionally shout uncontrollably at your foes. [potion of mutation]
  9179 | D:10     | Gained mutation: You are robust. (+10% HP) [potion of mutation]
  9180 | D:10     | Lost mutation: You have a beak for a mouth. [potion of mutation]
  9180 | D:10     | Lost mutation: You are robust. (+10% HP) [potion of mutation]
  9180 | D:10     | Lost mutation: You occasionally shout uncontrollably at your foes. [potion of mutation]
  9180 | D:10     | Gained mutation: You are somewhat resistant to further mutation. [potion of mutation]
  9180 | D:10     | Gained mutation: You are somewhat resistant to both further mutation and mutation removal. [potion of mutation]
  9181 | D:10     | Lost mutation: You do not regenerate when monsters are visible. [potion of mutation]
  9246 | D:11     | Noticed a white ugly thing
  9306 | D:10     | Killed a white ugly thing
  9516 | D:11     | Noticed a manticore
  9864 | Lair:1   | Entered Level 1 of the Lair of Beasts
  9887 | Lair:1   | Noticed a five-headed hydra
  9902 | Lair:1   | Killed a five-headed hydra
 10730 | Lair:1   | Reached XP level 12. HP: 94/103 MP: 12/12
 10870 | Lair:1   | Noticed a six-headed hydra
 10879 | Lair:1   | Killed a six-headed hydra
 10879 | Lair:1   | Reached **** piety under Beogh
 10879 | Lair:1   | Reached skill level 10 in Shields
 11045 | Lair:2   | Got a twisted morningstar
 11046 | Lair:2   | Identified the +12 morningstar "Seta" {crush, MR+} (You found it on level 2 of the Lair of Beasts)
 11143 | Lair:2   | Noticed a six-headed hydra
 11151 | Lair:2   | Killed a six-headed hydra
 11386 | Lair:2   | Reached skill level 1 in Maces & Flails
 13382 | Lair:4   | Found a staircase to the Shoals.
 13388 | Lair:4   | Reached skill level 5 in Maces & Flails
 13451 | Lair:4   | Reached ***** piety under Beogh
 13507 | Lair:4   | Found a staircase to the Snake Pit.
 14164 | Orc:1    | Entered Level 1 of the Orcish Mines
 14246 | Orc:1    | Noticed Harold
 14255 | Orc:1    | Killed Harold
 14455 | Orc:1    | Noticed a centaur warrior
 14462 | Orc:1    | Killed a centaur warrior
 14462 | Orc:1    | Reached XP level 13. HP: 103/111 MP: 13/13
 14487 | Orc:2    | Entered Level 2 of the Orcish Mines
 14729 | Orc:2    | Found a staircase to the Elven Halls.
 14853 | Orc:2    | Gained Grimold as an ally
 14867 | Orc:2    | Your ally Grimold died
 14884 | Orc:2    | HP: 4/111 [orc high priest/divine providence (10)]
 15200 | Orc:2    | Found Seffeczewo's Weapon Shoppe.
 15200 | Orc:2    | Found Goomi's Armour Shoppe.
 15201 | Orc:2    | Found Qowiedo's Antique Armour Shoppe.
 15201 | Orc:2    | Found Fibif's Gadget Emporium.
 15204 | Orc:2    | Gained Marbaugh as an ally
 15209 | Orc:2    | Reached ****** piety under Beogh
 15246 | Orc:2    | Gained Borgk as an ally
 15966 | Lair:5   | Found a labyrinth entrance.
 15978 | Lab      | Entered a labyrinth
 17614 | Lab      | Noticed a minotaur
 17625 | Lab      | Killed a minotaur
 18025 | Lab      | Got an ancient steel ring
 18031 | Lab      | Identified the ring of Lilefaas {MR+ MP+9 Int+3} (You found it in a labyrinth)
 18563 | Lair:6   | Entered Level 6 of the Lair of Beasts
 18580 | Lair:6   | Your ally Borgk died
 18838 | Lair:6   | Reached skill level 10 in Maces & Flails
 18856 | Lair:6   | Found a staircase to the Slime Pits.
 18864 | Lair:6   | Gained Wargrak as an ally
 18868 | Lair:6   | Reached skill level 10 in Fighting
 19074 | Lair:6   | Reached XP level 14. HP: 50/121 MP: 14/14
 19104 | Lair:6   | Lost mutation: You are somewhat resistant to both further mutation and mutation removal. [potion of mutation]
 19104 | Lair:6   | Lost mutation: You are somewhat resistant to further mutation. [potion of mutation]
 19104 | Lair:6   | Gained mutation: Potions are less effective at restoring your health. [potion of mutation]
 19104 | Lair:6   | Gained mutation: Your spells are a little harder to cast, but a little more powerful. [potion of mutation]
 19699 | Lair:4   | Gained Koronagh as an ally
 19751 | Snake:1  | Entered Level 1 of the Snake Pit
 20193 | Snake:1  | Found Repriynua's Magic Scroll Shop.
 20213 | Snake:1  | Bought a scroll of identify for 22 gold pieces
 20213 | Snake:1  | Bought a scroll of acquirement for 572 gold pieces
 20213 | Snake:1  | Bought 2 scrolls of identify for 44 gold pieces
 20213 | Snake:1  | Bought a scroll of identify for 22 gold pieces
 20213 | Snake:1  | Bought a scroll of identify for 22 gold pieces
 20770 | Snake:1  | Gained Wargath as an ally
 21453 | Snake:2  | HP: 6/122 [poisoned by a naga ritualist (toxic radiance)]
 21458 | Snake:2  | HP: 6/122 [poisoned by a naga ritualist (toxic radiance)]
 21465 | Snake:2  | HP: 6/122 [poisoned by a naga ritualist (toxic radiance)]
 21473 | Snake:2  | HP: 6/122 [poisoned by a naga ritualist (toxic radiance)]
 21700 | Orc:2    | Bought the +13 crystal plate armour of the Dice {rC+ Str+2 Int+4} for 2161 gold pieces
 22279 | D:11     | Lost mutation: Your spells are a little harder to cast, but a little more powerful. [potion of mutation]
 22279 | D:11     | Lost mutation: Potions are less effective at restoring your health. [potion of mutation]
 22279 | D:11     | Gained mutation: Your body sometimes deteriorates upon taking damage. [potion of mutation]
 22279 | D:11     | Gained mutation: You are weak. (Str -2) [potion of mutation]
 22279 | D:11     | Gained mutation: You are agile. (Dex +2) [potion of mutation]
 22280 | D:11     | Lost mutation: Your body sometimes deteriorates upon taking damage. [potion of mutation]
 22280 | D:11     | Lost mutation: You are agile. (Dex +2) [potion of mutation]
 22280 | D:11     | Lost mutation: You are weak. (Str -2) [potion of mutation]
 22280 | D:11     | Gained mutation: Your magical capacity is low. (-10% MP) [potion of mutation]
 22280 | D:11     | Gained mutation: You expend magic power (3 MP) to strengthen your wands. [potion of mutation]
 22280 | D:11     | Gained mutation: Your system is resistant to poisons. (rPois) [potion of mutation]
 22737 | D:12     | Found a portal to a secret trove of treasure.
 22850 | D:12     | Reached skill level 10 in Dodging
 22976 | D:12     | Noticed Snorg
 22990 | D:12     | Killed Snorg
 23098 | D:13     | Found Zocelepsairi's Food Shoppe.
 23108 | D:13     | Gained Hilgar as an ally
 23247 | D:13     | Reached XP level 15. HP: 129/129 MP: 13/13
 23300 | D:13     | Noticed manyhoops's ghost (journeyman DgAE)
 23309 | D:13     | Killed manyhoops's ghost
 24287 | D:14     | Gained Gorbash as an ally
 24542 | D:14     | Found a gate to the Vaults.
 25212 | D:15     | Entered Level 15 of the Dungeon
 25349 | D:15     | Identified the Incunabulum of Shifting Enhancements
 25820 | D:15     | Found Hipailoa's Magic Scroll Emporium.
 25831 | D:15     | Bought a scroll of enchant armour for 120 gold pieces
 25963 | D:15     | Found a staircase to the Depths.
 26532 | Depths:1 | Entered Level 1 of the Depths
 26569 | Depths:1 | Lost mutation: Your magical capacity is low. (-10% MP) [potion of mutation]
 26569 | Depths:1 | Lost mutation: You expend magic power (3 MP) to strengthen your wands. [potion of mutation]
 26569 | Depths:1 | Lost mutation: Your system is resistant to poisons. (rPois) [potion of mutation]
 26569 | Depths:1 | Gained mutation: Your muscles are strong. (Str +2) [potion of mutation]
 26569 | Depths:1 | Gained mutation: You are somewhat resistant to further mutation. [potion of mutation]
 26569 | Depths:1 | Gained mutation: You have a pair of small antennae on your head. [potion of mutation]
 26674 | Depths:1 | Got a faintly glowing graven amulet
 26836 | Depths:1 | Found a shattered altar of Ashenzari.
 26934 | Depths:1 | Your ally Wargath died
 26941 | Depths:1 | Reached skill level 10 in Armour
 26942 | Depths:1 | Your ally Wargrak died
 26960 | Depths:1 | Killed from afar by a vampire knight (illusionary)

Skill      XL: |  1  2  3  4  5  6  7  8  9 10 11 12 13 14 15 |
---------------+----------------------------------------------+-----
Fighting       | 4 5 6 7 8 9 10 11 | 11.9
Shields        | 4 5 6 7 8 9 11 12 13 | 13.5
Dodging        | 1 2 3 4 5 6 8 9 10 | 10.6
Long Blades    | 3 4 |  4.3
Armour         | 4 5 6 7 8 9 10 | 10.0
Polearms       | 1 3 6 8 10 11 12 | 12.1
Stealth        | 1 2 3 |  3.3
Maces & Flails | 6 10 12 13 | 13.7
Invocations    | |  0.3

Action                   |  1- 3 |  4- 6 |  7- 9 | 10-12 | 13-15 || total
-------------------------+-------+-------+-------+-------+-------++-------
Melee: Long sword        |   111 |   135 |       |       |       ||   246
       Trident           |       |    37 |   234 |   502 |       ||   773
       Headbutt          |       |       |       |    56 |       ||    56
       Morningstar       |       |       |       |   188 |   578 ||   766
Invok: Convert to Beogh  |       |       |       |     1 |       ||     1
       Recall Orcish Fol |       |       |       |       |     9 ||     9
       Give Item to Name |       |       |       |       |     2 ||     2
       Resurrection      |       |       |       |       |     2 ||     2
Evoke: Wand              |       |       |       |       |     1 ||     1
  Use: Potion            |       |     5 |     1 |     8 |    18 ||    32
       Scroll            |       |     5 |       |    15 |    10 ||    30
 Stab: Distracted        |       |       |       |     1 |     3 ||     4
  Eat: Bread ration      |       |     2 |     1 |     3 |     1 ||     7
       Fruit             |       |       |     3 |    11 |    20 ||    34
       Chunk             |       |       |       |     6 |     2 ||     8
       Royal jelly       |       |       |       |     2 |     6 ||     8
       Meat ration       |       |       |       |     1 |     1 ||     2
Armor: Scale mail        |    62 |   100 |    34 |       |       ||   196
       Ring mail         |       |       |    44 |   267 |    99 ||   410
       Crystal plate arm |       |       |       |       |   200 ||   200
Dodge: Dodged            |    48 |    78 |    81 |   402 |   242 ||   851
Block: Shield            |    77 |   123 |   123 |   508 |   447 ||  1278
       Large shield      |       |       |       |       |    73 ||    73
       Rpst.: Long sword |    18 |    24 |       |       |       ||    42
